 Dungeon Crawl Stone Soup version 0.31-a0-590-g8a5a4361df (webtiles) character file.

Game seed: 17746965348556412515

1805096 motkurizz the Conqueror (level 27, 254/254 HPs)
             Began as a Barachi Summoner on Aug 20, 2023.
             Was the Champion of Cheibriados.
             Escaped with the Orb
             ... and 3 runes!
             The game lasted 03:16:10 (62544 turns).

motkurizz the Conqueror (Barachi Summoner)         Turns: 62544, Time: 03:16:12

Health: 254/254    AC: 25    Str: 28    XL:     27
Magic:  38/38      EV: 60    Int: 23    God:    Cheibriados [******]
Gold:   7608       SH:  0    Dex: 40    Spells: 24/36 levels left

rFire   + . .        K - +6 longbow "Ogrebane" {heavy, rPois rN++ rCorr Str-4}
rCold   + + .        (shield currently unavailable)
rNeg    + + +        V - +2 faerie dragon scales {+Inv rC++ rCorr HP+5 MP+6 Int-5 Dex+3}
rPois   +            (helmet restricted)
rElec   .            k - +1 cloak of Starlight {*Dazzle EV+4 Stlth--}
rCorr   +            g - +2 pair of gloves {Stlth+}
SInv    .            f - +2 pair of boots
Will    ++++.        O - amulet of regeneration
Stlth   +++          P - ring of Ysucveir {+Blink rPois Will+ EV+5}
HPRegen 1.42/turn    Z - ring "Orchek" {rF+ rN+ Will+ Str+2}
MPRegen 0.26/turn

%: no passive effects
@: studying Summonings, very slow
A: amphibious, slowness 1, strong legs 2, +LOS, horns 1, iridescent scales 1,
thin skeletal structure 1, clumsy 1, dopey 1, teleportitis 1
0: Orb of Zot
}: 3/15 runes: barnacled, silver, gossamer
a: Hop, Renounce Religion, Evoke Blink, Evoke Invisibility, Bend Time, Temporal
Distortion, Slouch, Step From Time


You escaped.
You worshipped Cheibriados.
Cheibriados was exalted by your worship.
You visited 11 branches of the dungeon, and saw 51 of its levels.
You also visited: Sewer and Wizlab.

You collected 9079 gold pieces.
You spent 1471 gold pieces at shops.

Inventory:

Hand Weapons
 a - a +9 arbalest of electrocution
 K - the +6 longbow "Ogrebane" (weapon) {heavy, rPois rN++ rCorr Str-4}
   (You took it off a vault warden on level 5 of the Vaults)

   Str-4:     It affects your strength (-4).
   rPois:     It protects you from poison rN++: It greatly protects you from
   negative energy.
   rCorr:     It protects you from acid and corrosion.
Missiles
 F - 17 throwing nets
 Y - 8 curare-tipped darts
Armour
 f - a +2 pair of boots (worn)
 g - a +2 pair of gloves of stealth (worn)
 h - a +2 helmet of see invisible
 k - the +1 cloak of Starlight (worn) {*Dazzle EV+4 Stlth--}
   (You acquired it on level 3 of the Dungeon)

   *Dazzle:   It may blind those who miss an attack against the wearer in melee
   combat.
   EV+4:      It affects your evasion (+4).
   Stlth--:   It makes you much less stealthy.
 y - the +5 ring mail of Servitude {rElec Will+ Slay+6}
   (You found it on level 3 of the Dungeon)

   Slay+6:    It affects your accuracy & damage with ranged weapons and melee
   (+6).
   rElec:     It insulates you from electricity.
   Will+:     It increases your willpower.
 V - the +2 faerie dragon scales (worn) {+Inv rC++ rCorr HP+5 MP+6 Int-5 Dex+3}
   (You took it off the Enchantress on level 4 of the Depths)

   Int-5:     It affects your intelligence (-5).
   Dex+3:     It affects your dexterity (+3).
   rC++:      It greatly protects you from cold.
   HP+5:      It affects your health (+5).
   MP+6:      It affects your magic capacity (+6).
   +Inv:      It lets you turn invisible.
   rCorr:     It protects you from acid and corrosion.
Jewellery
 x - the ring "Ajawaxoc" {Ice rElec rN+++ Will- Str-2 Int+2}
   (You took it off Josephina on level 2 of the Depths)

   [ring of ice]

   Ice:       It enhances your ice magic.
   Str-2:     It affects your strength (-2).
   Int+2:     It affects your intelligence (+2).
   rF-:       It makes you vulnerable to fire.
   rC+:       It protects you from cold.
   rElec:     It insulates you from electricity.
   rN+++:     It renders you almost immune to negative energy.
   Will-:     It decreases your willpower.
 O - an amulet of regeneration (around neck)
 P - the ring of Ysucveir (left hand) {+Blink rPois Will+ EV+5}
   (You acquired it on level 8 of the Dungeon)

   [ring of evasion]

   EV+5:      It affects your evasion (+5).
   rPois:     It protects you from poison Will+: It increases your willpower.
   +Blink:    It lets you blink.
 Z - the ring "Orchek" (right hand) {rF+ rN+ Will+ Str+2}
   (You took it off a deep elf sorcerer on level 3 of the Elven Halls)

   [ring of willpower]

   Str+2:     It affects your strength (+2).
   rF+:       It protects you from fire.
   rN+:       It protects you from negative energy.
   Will+:     It increases your willpower.
Wands
 e - a wand of light (43)
 s - a wand of flame (12)
 t - a wand of digging (10)
 D - a wand of paralysis (65)
 G - a wand of polymorph (28)
 R - a wand of roots (34)
 T - a wand of mindburst (18)
Scrolls
 l - 13 scrolls of teleportation
 o - 8 scrolls of enchant armour
 p - 3 scrolls of silence
 r - 3 scrolls of blinking
 A - 12 scrolls of vulnerability
 B - 5 scrolls of amnesia
 E - 2 scrolls of butterflies
 H - 9 scrolls of immolation
 I - 9 scrolls of fear
 J - a scroll of revelation
 N - 5 scrolls of enchant weapon
 Q - a scroll of poison
 S - 3 scrolls of fog
Potions
 c - 6 potions of invisibility
 d - 30 potions of curing
 i - 3 potions of might
 j - 10 potions of heal wounds
 n - 10 potions of brilliance
 u - a potion of cancellation
 v - 6 potions of magic
 w - 4 potions of mutation
 z - 8 potions of enlightenment
 C - 11 potions of attraction
 M - 3 potions of resistance
 W - 10 potions of ambrosia
Miscellaneous
 b - a phantom mirror
 m - a condenser vane
 q - a phial of floods
 L - a sack of spiders
 X - a lightning rod (4/4)


   Skills:
 O Level 27 Fighting
 - Level 8.0 Short Blades
 O Level 27 Ranged Weapons
 - Level 19.0 Armour
 + Level 26.0 Dodging
 - Level 14.0 Stealth
 - Level 4.0 Shields
 - Level 5.0 Spellcasting
 - Level 2.0 Hexes
 - Level 8.0 Summonings
 - Level 1.0 Translocations
 - Level 3.0 Air Magic
 + Level 12.9 Invocations
 + Level 9.4 Evocations


You had 24 spell levels left.
You knew the following spells:

 Your Spells              Type           Power      Damage    Failure   Level
a - Summon Lightning Spi  Summ/Air       31%        N/A       11%         4
b - Summon Guardian Gole  Hex/Summ       28%        N/A       4%          3
c - Call Canine Familiar  Summ           42%        N/A       1%          3
d - Blink                 Tloc           20%        N/A       11%         2

Your spell library contained the following spells:

 Spells                   Type           Power      Damage    Failure   Level
 Summon Small Mammal      Summ           100%       N/A       1%          1
 Call Imp                 Summ           84%        N/A       1%          2
 Slow                     Hex            56%        N/A       4%          1
 Shock                    Conj/Air       48%        1d6       5%          1
 Apportation              Tloc           20%        N/A       7%          1
 Static Discharge         Conj/Air       24%        2-3/arc   9%          2
 Swiftness                Air            19%        N/A       9%          3
 Kiss of Death            Conj/Necr      20%        2d7       11%         1
 Sandblast                Erth           10%        2d5       11%         1
 Cigotuvi's Dreadful Rot  Necr/Pois/Air  20%        N/A       11%         2
 Ensorcelled Hibernation  Hex/Ice        20%        N/A       11%         2
 Lesser Beckoning         Tloc           20%        N/A       11%         2
 Momentum Strike          Conj/Tloc      16%        3d8       13%         2
 Confusing Touch          Hex            14%        N/A       14%         3
 Tukima's Dance           Hex            14%        N/A       14%         3
 Vhi's Electric Charge    Tloc/Air       28%        N/A       14%         3
 Passwall                 Tmut/Erth      4%         N/A       16%         2
 Scorch                   Fire           10%        2d5       16%         2
 Sublimation of Blood     Necr           5%         N/A       16%         2
 Wereblood                Tmut           5%         N/A       16%         2
 Portal Projectile        Hex/Tloc       24%        N/A       17%         3
 Dazzling Flash           Conj/Hex       20%        N/A       21%         3
 Gell's Gravitas          Tloc           10%        N/A       21%         3
 Inner Flame              Hex/Fire       10%        N/A       21%         3
 Teleport Other           Tloc           10%        N/A       21%         3
 Animate Armour           Summ/Erth      48%        N/A       21%         4
 Volatile Blastmotes      Fire/Tloc      16%        2d11      26%         3
 Ignite Poison            Fire/Tmut/Pois 5%         N/A       30%         3
 Ozocubu's Armour         Ice            5%         N/A       30%         3
 Stone Arrow              Conj/Erth      10%        3d7       30%         3
 Vampiric Draining        Necr           5%         2d6       30%         3
 Airstrike                Air            9%         2d(2-18)  30%         4
 Cause Fear               Hex            7%         N/A       41%         4
 Summon Forest            Summ/Tloc      13%        N/A       41%         5
 Summon Cactus Giant      Summ           21%        N/A       52%         6
 Anguish                  Hex/Necr       5%         N/A       56%         4
 Fulminant Prism          Conj/Hex       5%         3d7       56%         4
 Leda's Liquefaction      Hex/Erth       5%         N/A       56%         4
 Manifold Assault         Tloc           10%        N/A       56%         4
 Passage of Golubria      Tloc           10%        N/A       56%         4
 Iskenderun's Mystic Bla  Conj/Tloc      8%         2d4       63%         4
 Animate Dead             Necr           5%         N/A       71%         4
 Dispel Undead            Necr           5%         3d7       71%         4
 Flame Wave               Conj/Fire      5%         2d5       71%         4
 Petrify                  Tmut/Erth      5%         N/A       71%         4
 Sticky Flame             Conj/Fire      5%         2d3       71%         4
 Silence                  Hex/Air        8%         N/A       71%         5
 Arcjolt                  Conj/Air       6%         1d16      83%         5
 Freezing Cloud           Conj/Ice/Air   5%         6-21      88%         5
 Metabolic Englaciation   Hex/Ice        5%         N/A       88%         5
 Yara's Violent Unravell  Hex/Tmut       5%         3d4       88%         5
 Agony                    Necr           5%         N/A       96%         5
 Alistair's Intoxication  Tmut/Pois      3%         N/A       96%         5
 Borgnjor's Vile Clutch   Necr/Erth      2%         N/A       96%         5
 Fireball                 Conj/Fire      2%         3d4       96%         5
 Irradiate                Conj/Tmut      2%         3d12      96%         5
 Iskenderun's Battlesphe  Conj           5%         2d6       96%         5
 Summon Hydra             Summ           21%        N/A       97%         7
 Conjure Ball Lightning   Conj/Air       6%         3x3d6     100%        6
 Eringya's Noxious Bog    Tmut/Pois      2%         4d6       100%        6
 Leda's Unmaking          Conj/Erth      2%         9d1       100%        6
 Simulacrum               Ice/Necr       2%         N/A       100%        6
 Enfeeble                 Hex            7%         N/A       100%        7
 Haunt                    Necr/Summ      12%        N/A       100%        7
 Orb of Destruction       Conj           2%         9d5       100%        7
 Spellforged Servitor     Conj/Summ      12%        N/A       100%        7
 Borgnjor's Revivificati  Necr           2%         N/A       100%        8
 Discord                  Hex            7%         N/A       100%        8
 Disjunction              Tloc           5%         N/A       100%        8
 Ignition                 Fire           2%         3d3       100%        8
 Infestation              Necr           2%         N/A       100%        8
 Lehudib's Crystal Spear  Conj/Erth      2%         10d2      100%        8
 Maxwell's Capacitive Co  Air            9%         ∞         100%        8
 Chain Lightning          Conj/Air       6%         3d8       100%        9
 Death's Door             Necr           2%         N/A       100%        9
 Fire Storm               Conj/Fire      2%         8d1       100%        9
 Shatter                  Erth           2%         3d6*      100%        9


Dungeon Overview and Level Annotations

Branches:
Dungeon (15/15)            Temple (1/1) D:7            Lair (5/5) D:10
 Shoals (4/4) Lair:3       Spider (4/4) Lair:3        Slime (0/5) Lair:5
    Orc (2/2) D:10            Elf (3/3) Orc:2        Vaults (5/5) D:13
  Crypt (3/3) Vaults:2     Depths (4/4) D:15            Zot (5/5) Depths:4
  Sewer (visited)          WizLab (visited)
   Tomb: Crypt:3

Altars:
Ashenzari
Cheibriados
Dithmenos
Elyvilon
Fedhas
Gozag
Hepliaklqana
Kikubaaqudgha
Makhleb
Nemelex Xobeh
Okawaru
Qazlal
Ru
Sif Muna
Trog
Uskayaw
Vehumet
Wu Jian
Xom
Yredelemnul
Zin
The Shining One
Jiyva
Lugonu

Shops:
D:5 [   D:6 [   Orc:2 (([!   Shoals:3 [*   Shoals:4 *   Vaults:2 (   Vaults:3 ?
Vaults:4 [   Depths:3 ?

Portals:
Hell: Depths:1 Depths:2 Depths:3 Depths:4
Abyss: Depths:1 Depths:2 Depths:3 Depths:4
Pandemonium: Depths:2
Ziggurat: Depths:4

Annotations:
Lair:1 exclusion: downstairs
Spider:2 Roxanne
Spider:3 exclusion: 2 downstairs
Depths:1 2 transporters, Zyku Vof's ghost, veteran MfIE
Zot:4 exclusions: 5 lightning spires and 1 more exclusion
Zot:5 exclusion: 2 upstairs


Innate Abilities, Weirdness & Mutations

You are amphibious.
You cover ground slowly.
You can hop long distances.
You have an extended range of vision and can be seen from far away.
You have a pair of small horns on your head.
You are partially covered in iridescent scales. (AC +2)
You have a somewhat thin skeletal structure. (Dex +2, Stealth+)
You are clumsy. (Dex -2)
You are dopey. (Int -2)
You are occasionally teleported next to monsters.


Message History

HP restored.
There is a stone staircase leading up here.
You climb upwards.
There is a stone staircase leading down here.
There is an open door here.
There is an open door here.
There is an open door here.
There is a stone staircase leading up here.
You climb upwards.
There is a stone staircase leading down here.
There is a stone staircase leading up here.
You climb upwards.
There is a stone staircase leading down here.
A Hell Sentinel comes into view.
You shoot an arrow.
The arrow hits the Hell Sentinel but does no damage.
You shoot an arrow. The arrow hits the Hell Sentinel!!
The Hell Sentinel is lightly wounded.
You shoot an arrow. The arrow hits the Hell Sentinel!!!
The Hell Sentinel is heavily wounded.
You shoot an arrow. The arrow hits the Hell Sentinel!!!
The Hell Sentinel is almost dead.
The Hell Sentinel gestures at you.
The sphere of damnation explodes!
The damnation engulfs you!
You shoot an arrow.
The arrow hits the Hell Sentinel but does no damage.
The Hell Sentinel is almost dead.
You shoot an arrow. The arrow hits the Hell Sentinel!
The Hell Sentinel is almost dead.
You shoot an arrow. The arrow hits the Hell Sentinel.
You kill the Hell Sentinel!
Cheibriados appreciates the change of pace.
What level of the Dungeon? (default 1, ? - help)
There is a stone staircase leading up here.
You climb upwards.
HP restored.
There is a stone staircase leading down here.
Things that are here:
2 stones; a +0 dagger
There is a staircase leading out of the dungeon here.
You have escaped!

##...........####....###.###..##
..........#####......# #.##...#
........(.#####.#.#### #.##.#.#
................#...####.##.#.#
.........###...........#.##.#.#
..#.....##...#.......#.#.##...#
.####..#...##.P...P......##..##
..# #....####.......##...##..#
#.# #.##........@...####..#..##
#.###...............# #.###..#
#.#...............P.# #.# #..###
#...................# #.# #....#
.......#............# #.# #.##..
###....##........#### #.# #%####
.......#........## #.###.# #
.##......#......# #..##.# #
###....###......## ##.##.#


There were no monsters in sight!

Vanquished Creatures
  A seraph (Zot:1)
  6 dread liches
  An ancient lich (Zot:5)
  Mennas (Depths:3)
  7 orbs of fire
  2 juggernauts (Depths:3)
  Josephina (Depths:2)
  Bai Suzhen (Vaults:4)
  Margery (Vaults:5)
  4 Killer Klowns (Zot:5)
  A curse toe (Zot:2)
  A caustic shrike (Depths:4)
  14 golden dragons
  A bone dragon (Depths:4)
  the Enchantress (Depths:4)
  Nikola (Elf:3)
  Rupert (Lair:3)
  2 Hell Sentinels
  Zenata (Vaults:2)
  2 electric golems (Zot:5)
  20 tentacled monstrosities
  A hellephant (Vaults:2)
  A walking earthen tome (Depths:3)
  7 liches
  27 Orb Guardians
  5 quicksilver dragons
  2 walking frostbound tomes
  2 deep elf master archers (Elf:3)
  3 deep elf blademasters (Elf:3)
  5 sphinxes
  An ancient champion (Crypt:2)
  4 titans
  An Executioner (Depths:4)
  The ghost of Gouluvih the Acrobat, an adept FeSh of Jiyva (Crypt:1)
  10 death cobs
  13 tengu reavers
  16 storm dragons
  7 draconian monks
  14 shadow dragons
  5 revenants
  A daeva (Zot:1)
  Aizul (Shoals:1)
  Ilsuiw (Shoals:4)
  5 draconian knights
  A balrug (Vaults:2)
  13 fire giants
  Louise (Depths:4)
  12 vault wardens
  An iron dragon (Vaults:5)
  5 draconian scorchers
  11 frost giants
  3 deep elf elementalists (Elf:3)
  3 draconian shifters
  8 deep elf sorcerers
  3 emperor scorpions (Spider:4)
  5 draconian stormcallers
  A curse skull (Crypt:1)
  9 ghost moths
  A demonspawn corrupter (D:15)
  2 ghouls (Crypt:1)
  A draconian annihilator (Zot:2)
  3 war gargoyles
  An angel (Zot:1)
  6 spriggan defenders
  14 very ugly things
  14 stone giants
  22 ironbound preservers
  3 formless jellyfish
  A broodmother (Spider:3)
  7 black draconians
  4 deep elf demonologists (Elf:3)
  Azrael (D:13)
  6 vampire knights
  A dire elephant (shapeshifter) (Vaults:5)
  5 green draconians
  6 deep elf annihilators
  A lorocyproca (D:15)
  10 ironbound thunderhulks
  13 yellow draconians
  A demonspawn black sun (D:15)
  5 spark wasps
  12 red draconians
  9 white draconians
  7 eidola
  10 purple draconians
  An orange crystal statue (WizLab)
  10 dire elephants
  8 deep elf death magi
  A crystal guardian (Vaults:2)
  9 jiangshi
  9 ettins
  7 fire dragons
  A spriggan zombie (Crypt:2)
  10 merfolk impalers
  9 merfolk javelineers
  6 deep elf high priests
  17 yaktaur captains
  A caustic shrike simulacrum (Depths:3)
  7 entropy weavers
  28 vault guards
  Harold (Lair:1)
  7 great orbs of eyes
  10 ice dragons
  3 ogre magi
  2 peacekeepers
  Fannar (Lair:1)
  8 rakshasas
  4 merfolk avatars
  10 spriggan air magi
  2 catoblepae (Lair:5)
  A jorogumo (shapeshifter) (Vaults:5)
  5 hydras
  10 ironbound frosthearts
  2 radroaches
  Erica (Lair:2)
  5 centaur warriors
  6 death knights
  11 vampire magi
  3 boulder beetles
  2 satyrs
  A merfolk aquamancer (Shoals:4)
  3 alligator snapping turtles
  21 dancing weapons
  3 two-headed ogres
  7 deep troll shamans
  6 tengu warriors
  7 spriggan berserkers
  8 deep troll earth magi
  An orc high priest (Elf:1)
  Nergalle (Lair:2)
  12 death yaks
  A titan zombie (Crypt:1)
  Sonja (Lair:1)
  4 demonic crawlers
  A soul eater (Zot:5)
  33 hell knights
  12 deep elf knights
  4 shadow wraiths
  A sixfirhy (Depths:2)
  7 skysharks
  A skyshark (shapeshifter) (Vaults:5)
  5 iron trolls
  14 skeletal warriors
  2 sun moths
  A cherub (Zot:1)
  5 pharaoh ants
  10 sea snakes
  48 deep trolls
  8 flayed ghosts
  4 glowing orange brains
  7 orb spiders
  A kraken simulacrum (Shoals:2)
  A shadow demon (Depths:2)
  14 phantasmal warriors
  A bog body (Crypt:1)
  16 deep elf archers
  5 wizards
  An obsidian statue (Zot:5)
  8 ironbound convokers
  13 lindwurms
  3 orc knights
  An anaconda skeleton (Crypt:2)
  41 deep elf zephyrmancers
  25 harpies
  9 necromancers
  30 deep elf pyromancers
  6 steelbarb worms
  12 wolf spiders
  28 ugly things
  A mana viper (shapeshifter) (Depths:3)
  7 orc sorcerers (Orc:2)
  15 manticores
  An elephant (shapeshifter) (Vaults:5)
  A fire giant zombie (Vaults:4)
  29 fauns
  13 cyclopes
  23 moths of wrath
  An alligator skeleton (Crypt:1)
  5 elephants
  10 merfolk sirens
  A centaur zombie (Crypt:1)
  An elf zombie (Vaults:4)
  13 vault sentinels
  7 water nymphs
  3 rust devils
  An orange demon (Depths:2)
  7 black mambas
  A dire elephant zombie (Crypt:2)
  A white draconian zombie (Crypt:2)
  6 gargoyles
  2 torpor snails
  16 cane toads
  A purple draconian zombie (Crypt:1)
  3 human zombies
  3 kobold demonologists
  A catoblepas zombie (Crypt:1)
  2 elf skeletons
  A bunyip simulacrum (Crypt:1)
  A yaktaur (shapeshifter) (Elf:3)
  2 death yak skeletons
  An efreet (D:15)
  3 rime drakes
  6 komodo dragons
  11 freezing wraiths
  6 tengu conjurers
  22 yaktaurs
  2 tormentors
  2 ice devils (Depths:2)
  A red devil (Depths:2)
  A hellwing (Depths:2)
  A shadow dragon simulacrum (Depths:3)
  5 trolls
  Grinder (D:6)
  5 wind drakes
  6 meliai
  4 polar bears
  8 hornets
  28 merfolk
  Prince Ribbit (D:8)
  14 tarantellas
  6 blink frogs
  13 snapping turtles
  An ettin zombie (Crypt:1)
  7 dream sheep
  9 flying skulls
  A vampire (D:9)
  13 culicivoras
  4 spriggans
  3 air elementals (Elf:2)
  16 jumping spiders
  A ynoxinul (Depths:2)
  14 slime creatures
  7 wraiths
  A wyvern (D:9)
  2 shadows (D:12)
  21 water elementals
  Grum (Lair:1)
  6 fire elementals
  30 yaks
  A wind drake zombie (Crypt:2)
  4 golden eyes (Zot:5)
  8 basilisks
  2 human simulacra
  32 redbacks
  2 steam dragons
  14 vampire mosquitoes
  A death yak simulacrum (Shoals:2)
  2 chaos spawn (Depths:2)
  4 sea snake simulacra (Shoals:2)
  Menkaure (D:7)
  A redback (shapeshifter) (Vaults:5)
  12 wargs
  2 swamp worms (Lair:2)
  3 harpy simulacra (Shoals:2)
  A fire bat zombie (Crypt:2)
  An ogre zombie (Vaults:4)
  2 acid dragons (D:11)
  2 floating eyes
  4 hell hounds (D:13)
  Duvessa (D:6)
  A two-headed ogre skeleton (Crypt:2)
  A floating eye (shapeshifter) (Depths:4)
  A glowing shapeshifter skeleton (Vaults:1)
  12 water moccasins
  Pargi (Sewer)
  23 orc warriors
  A sky beast (D:7)
  A blink frog zombie (Crypt:1)
  An ice beast (D:6)
  2 black bears (Lair:2)
  A meliai simulacrum (D:14)
  6 wolves
  6 ogres
  13 centaurs
  A phantom (D:7)
  A hog skeleton (Crypt:2)
  4 kobold brigands
  A gnoll sergeant (D:8)
  Blork the orc (D:5)
  10 bullfrogs
  4 faun simulacra (Shoals:2)
  2 scorpions
  A merfolk simulacrum (Shoals:2)
  5 earth elementals
  A necrophage (Crypt:1)
  A glowing shapeshifter simulacrum (Depths:3)
  A wight (D:9)
  3 snapping turtle simulacra (Shoals:2)
  A water moccasin skeleton (Crypt:1)
  A troll zombie (Crypt:1)
  A manticore simulacrum (Shoals:2)
  11 killer bees
  A raiju skeleton (Crypt:2)
  A yak skeleton (Crypt:2)
  3 electric eels
  5 howler monkeys
  A jelly (D:6)
  8 hounds
  2 gnoll boudas
  16 orc priests
  2 cyclops simulacra (Shoals:2)
  A sleepcap (D:7)
  5 iguanas
  41 orc wizards
  Natasha (thrice) (D:4)
  A centaur simulacrum (Shoals:2)
  A howler monkey zombie (Crypt:2)
  Robin (D:3)
  15 gnolls
  6 adders
  A worm (D:2)
  A dart slug (D:2)
  75 orcs
  8 endoplasms
  6 giant cockroaches
  10 goblins
  4 hobgoblins
  2 jackals (D:4)
  11 kobolds
  3 nameless horrors
  7 quokkas
  5 ball pythons
  4 bats
  7 frilled lizards
  A frilled lizard zombie (Crypt:1)
  A gnoll zombie (Crypt:1)
  A kobold zombie (Crypt:2)
  2 rats
  A tentacle (Shoals:2)
2063 creatures vanquished.

Vanquished Creatures (collateral kills)
  A deep elf blademaster (Elf:2)
  The ghost of Geasohic the Cleaver, a journeyman VSSh of Hepliaklqana (Orc:1)
  A dire elephant (Vaults:2)
  The ghost of nj0rd12 the Fighter, a journeyman MiBe of Trog (Lair:3)
  A merfolk javelineer (Shoals:4)
  A fire dragon (Depths:1)
  2 jiangshi (Depths:1)
  2 catoblepae
  3 death yaks (Lair:5)
  A deep troll earth mage (Depths:1)
  2 hell knights (Vaults:2)
  A sea snake (Shoals:4)
  A deep elf zephyrmancer (Elf:1)
  2 deep trolls (Vaults:3)
  A phantasmal warrior (Vaults:1)
  An ironbound convoker (Vaults:1)
  An orc sorcerer (Orc:2)
  2 deep elf pyromancers
  4 elephants (Lair:5)
  2 manticores
  2 cane toads
  A komodo dragon (Lair:3)
  A polar bear (Lair:5)
  A hornet (Spider:4)
  A jumping spider (Spider:2)
  Sigmund (D:5)
  2 culicivoras
  6 yaks
  A basilisk (Lair:2)
  A redback (Spider:3)
  An acid dragon (D:9)
  An orc warrior (Orc:1)
  2 ogres
  A centaur (D:14)
  A gnoll sergeant (D:6)
  A hound (D:5)
  An orc priest (Orc:1)
  2 iguanas (D:5)
  An orc wizard (Orc:1)
  4 gnolls
  5 adders
  A dart slug (D:1)
  12 orcs
  2 bats
  7 endoplasms
  A giant cockroach (D:1)
  4 hobgoblins
  5 jackals
  4 kobolds
  5 ball pythons
  3 frilled lizards (D:1)
  8 goblins
  3 rats
123 creatures vanquished.

Vanquished Creatures (others)
  2 storm dragons (Zot:4)
  A draconian knight (Zot:2)
  Donald (Spider:2)
  An orc warlord (Orc:1)
  A black draconian (Zot:4)
  A merfolk javelineer (Shoals:4)
  A hydra (Lair:5)
  A yaktaur captain (Vaults:1)
  5 death yaks
  A skeletal warrior (D:7)
  2 deep trolls (Vaults:1)
  A harpy (Vaults:1)
  An ugly thing (D:14)
  A deep elf pyromancer (Elf:3)
  A manticore (Lair:5)
  A cane toad (Lair:1)
  A spark wasp simulacrum (Depths:3)
  A troll (D:10)
  The ghost of WhatIsLove the Trooper, an amateur HOMo (D:4)
  2 merfolk (Shoals:4)
  A wind drake (Shoals:4)
  A hornet (Spider:4)
  An iron dragon simulacrum (Depths:3)
  A raiju (Zot:4)
  A snapping turtle (Shoals:4)
  A slime creature (Vaults:1)
  A vampire (D:11)
  13 yaks
  A steam dragon (D:8)
  A redback (Spider:2)
  A water moccasin (Lair:1)
  An orc warrior (Orc:1)
  An ogre (Vaults:5)
  A centaur (D:14)
  3 wights (D:9)
  Dowan (D:6)
  2 killer bees (D:10)
  An orc wizard (Orc:1)
  3 gnolls
  An orc (Orc:2)
  4 tentacles (Shoals:2)
68 creatures vanquished.

Grand Total: 2254 creatures vanquished

Notes
Turn   | Place    | Note
-------+----------+-------------------------------------------
     0 | D:1      | motkurizz the Barachi Summoner began the quest for the Orb.
     0 | D:1      | Reached XP level 1. HP: 13/13 MP: 3/3
   172 | D:1      | Reached skill level 5 in Summonings
   192 | D:1      | Reached XP level 2. HP: 19/19 MP: 5/5
   292 | D:1      | Found a faded altar of an unknown god.
   381 | D:1      | Reached XP level 3. HP: 12/24 MP: 1/6
   619 | D:1      | Learned a level 3 spell: Call Canine Familiar
  1049 | D:2      | Reached XP level 4. HP: 30/30 MP: 1/7
  1214 | D:2      | Found an opulent altar of Gozag.
  1725 | D:3      | Reached skill level 1 in Hexes
  1739 | D:3      | Noticed a scorpion
  1750 | D:3      | Identified a scroll of acquirement
  1750 | D:3      | Acquired the +1 cloak of Starlight {*Dazzle EV+4 Stlth--}
  1750 | D:3      | Found the +1 cloak of Starlight {*Dazzle EV+4 Stlth--}
  1760 | D:3      | Killed a scorpion
  1761 | D:3      | Reached XP level 5. HP: 38/38 MP: 3/8
  1762 | D:3      | Noticed Robin
  1776 | D:3      | Killed Robin
  1884 | D:3      | Found a glowing drain.
  1901 | D:3      | Reached XP level 6. HP: 47/47 MP: 4/9
  1915 | Sewer    | Entered a sewer
  1956 | Sewer    | Noticed Pargi
  1978 | Sewer    | Killed Pargi
  2262 | D:3      | Reached skill level 5 in Fighting
  2265 | D:3      | Identified the +5 ring mail of Servitude {rElec Will+
                  | Slay+6}
  2316 | D:3      | Learned a level 3 spell: Summon Guardian Golem
  2513 | D:4      | Reached skill level 1 in Armour
  2657 | D:4      | Found a runed translucent door.
  2774 | D:4      | Noticed Natasha
  2780 | D:4      | Killed Natasha
  2896 | D:4      | Reached XP level 7. HP: 56/56 MP: 5/10
  3019 | D:4      | Noticed Natasha
  3029 | D:4      | Killed Natasha
  3282 | D:4      | Noticed Natasha
  3289 | D:4      | Killed Natasha
  3412 | D:4      | Noticed WhatIsLove's ghost (amateur HOMo)
  3462 | D:4      | Killed WhatIsLove's ghost
  3591 | D:5      | Entered Level 5 of the Dungeon
  3653 | D:5      | Reached skill level 1 in Short Blades
  3673 | D:5      | Reached XP level 8. HP: 45/63 MP: 7/11
  3744 | D:5      | Found Wikki Deu's Antique Armour Shop.
  3750 | D:5      | Noticed Sigmund
  3761 | D:5      | Killed Sigmund
  3839 | D:5      | Noticed Blork the orc
  3853 | D:5      | Killed Blork the orc
  4866 | D:6      | Found Omiaps's Armour Shoppe.
  5051 | D:6      | Reached skill level 1 in Shields
  5106 | D:6      | Noticed Duvessa
  5112 | D:6      | Reached XP level 9. HP: 58/71 MP: 9/13
  5114 | D:6      | Noticed Dowan
  5127 | D:6      | Killed Duvessa
  5128 | D:6      | Reached skill level 5 in Short Blades
  5133 | D:6      | Killed Dowan
  5652 | D:6      | Noticed Grinder
  5670 | D:6      | Killed Grinder
  5992 | D:7      | Noticed a hornet
  5998 | D:7      | Killed a hornet
  6127 | D:7      | Noticed a skeletal warrior
  6172 | D:7      | Killed a skeletal warrior
  6183 | D:7      | Reached XP level 10. HP: 82/82 MP: 2/16
  6368 | D:7      | Found a staircase to the Ecumenical Temple.
  6374 | Temple   | Entered the Ecumenical Temple
  6397 | D:7      | Noticed Menkaure
  6407 | D:7      | Killed Menkaure
  6784 | D:7      | Found a sacrificial altar of Ru.
  6965 | D:8      | Found a snail-covered altar of Cheibriados.
  6975 | D:8      | Became a worshipper of Cheibriados the Contemplative
  7358 | D:8      | Acquired the ring of Ysucveir {+Blink rPois Will+ EV+5}
  7465 | D:8      | Noticed Prince Ribbit
  7472 | D:8      | Killed Prince Ribbit
  7473 | D:8      | Reached skill level 1 in Ranged Weapons
  7553 | D:8      | Reached * piety under Cheibriados
  8125 | D:9      | Reached skill level 10 in Fighting
  8125 | D:9      | Reached XP level 11. HP: 71/90 MP: 17/17
  8512 | D:9      | Reached ** piety under Cheibriados
  8732 | D:10     | Entered Level 10 of the Dungeon
  8747 | D:10     | Reached skill level 5 in Dodging
  8755 | D:10     | Reached skill level 5 in Ranged Weapons
  9038 | D:10     | Reached *** piety under Cheibriados
  9047 | D:10     | Found a staircase to the Lair.
  9117 | D:10     | You fall into a shaft and drop 1 floor!
  9117 | D:11     | Found a glowing silver altar of Zin.
  9949 | D:10     | Found a staircase to the Orcish Mines.
 10358 | Lair:1   | Entered Level 1 of the Lair of Beasts
 10386 | Lair:1   | Noticed Fannar
 10408 | Lair:1   | Killed Fannar
 10443 | Lair:1   | Noticed a death yak
 10456 | Lair:1   | Noticed a death yak
 10456 | Lair:1   | Noticed a death yak
 10460 | Lair:1   | Noticed a death yak
 10460 | Lair:1   | Noticed a death yak
 10462 | Lair:1   | Killed a death yak
 10464 | Lair:1   | Noticed a death yak
 10466 | Lair:1   | Killed a death yak
 10468 | Lair:1   | Killed a death yak
 10469 | Lair:1   | Reached XP level 12. HP: 74/100 MP: 12/18
 10469 | Lair:1   | Killed a death yak
 10469 | Lair:1   | Reached **** piety under Cheibriados
 10473 | Lair:1   | Killed a death yak
 10474 | Lair:1   | Killed a death yak
 10543 | Lair:1   | Noticed Grum
 10547 | Lair:1   | Killed Grum
 10564 | Lair:1   | Learned a level 4 spell: Summon Lightning Spire
 10754 | Lair:1   | Noticed Harold
 10760 | Lair:1   | Killed Harold
 10761 | Lair:1   | Reached skill level 1 in Air Magic
 10897 | Lair:1   | You fall into a shaft and drop 1 floor!
 10917 | Lair:2   | Noticed Nergalle
 10930 | Lair:2   | Killed Nergalle
 11038 | Lair:1   | Learned a level 2 spell: Blink
 11068 | Lair:1   | Reached ***** piety under Cheibriados
 11077 | Lair:1   | Noticed Sonja
 11102 | Lair:1   | Reached skill level 1 in Translocations
 11282 | Lair:1   | Reached skill level 10 in Ranged Weapons
 11335 | Lair:1   | Killed Sonja
 11636 | Lair:2   | Noticed Erica
 11749 | Lair:2   | Noticed a skyshark
 11756 | Lair:2   | Killed a skyshark
 11757 | Lair:2   | Gained mutation: You can hop long distances. [Barachi
                  | growth]
 11757 | Lair:2   | Reached XP level 13. HP: 109/109 MP: 14/20
 11810 | Lair:2   | Killed Erica
 11811 | Lair:2   | Reached skill level 1 in Invocations
 11923 | Lair:2   | Reached skill level 5 in Spellcasting
 12475 | Lair:3   | Noticed nj0rd12's ghost (journeyman MiBe)
 12475 | Lair:3   | Found a runed translucent door.
 12748 | Lair:3   | Noticed Rupert
 12758 | Lair:3   | Killed Rupert
 12818 | Lair:3   | Found a hole to the Spider Nest.
 13257 | Lair:3   | Killed nj0rd12's ghost
 13484 | Lair:4   | Reached skill level 5 in Stealth
 13605 | Lair:4   | Found a shadowy altar of Dithmenos.
 13669 | Lair:4   | Reached ****** piety under Cheibriados
 13701 | Lair:4   | Reached skill level 5 in Invocations
 13701 | Lair:4   | Reached XP level 14. HP: 118/118 MP: 16/21
 14261 | Lair:5   | Entered Level 5 of the Lair of Beasts
 14284 | Lair:5   | Reached skill level 10 in Dodging
 14793 | Lair:5   | Found a staircase to the Slime Pits.
 14794 | Lair:5   | Found a viscous altar of Jiyva.
 15319 | Lair:5   | Found the +2 shield of Resistance {rF++ rC++ Will++}
 15767 | Orc:1    | Entered Level 1 of the Orcish Mines
 15797 | Orc:1    | Found a runed translucent gate.
 15797 | Orc:1    | Found a runed translucent gate.
 15801 | Orc:1    | Found a runed translucent gate.
 15802 | Orc:1    | Noticed Geasohic's ghost (journeyman VSSh)
 16210 | Orc:2    | Entered Level 2 of the Orcish Mines
 16210 | Orc:2    | Noticed an orc warlord
 16229 | Orc:1    | Killed an orc warlord
 16230 | Orc:1    | Reached XP level 15. HP: 127/127 MP: 16/22
 16354 | Orc:2    | Found a staircase to the Elven Halls.
 16689 | Orc:2    | Found Rerril's Antique Armour Emporium.
 16689 | Orc:2    | Found Uluy's Distillery.
 16707 | Orc:2    | Bought a potion of enlightenment for 70 gold pieces
 16707 | Orc:2    | Bought a potion of curing for 42 gold pieces
 16927 | Orc:2    | Found Vori's Weapon Emporium.
 17040 | Orc:2    | Found Hohinkot's Antique Weapon Shop.
 17047 | Orc:2    | Bought a runed arbalest for 142 gold pieces
 17412 | Orc:1    | Reached skill level 10 in Armour
 17412 | Orc:1    | Killed Geasohic's ghost
 17413 | Orc:1    | Reached skill level 15 in Fighting
 18317 | D:13     | Noticed Azrael
 18326 | D:13     | Killed Azrael
 18568 | D:13     | Found a gate to the Vaults.
 18741 | D:13     | Got the Discourse on Translocation
 19092 | D:14     | Reached skill level 15 in Ranged Weapons
 19719 | D:15     | Entered Level 15 of the Dungeon
 19742 | D:15     | Reached XP level 16. HP: 131/136 MP: 23/23
 20314 | Shoals:1 | Entered Level 1 of the Shoals
 20430 | Shoals:1 | Noticed Aizul
 20442 | Shoals:1 | Killed Aizul
 21504 | Shoals:2 | Found a runed translucent gate.
 21508 | Shoals:2 | Found a runed translucent gate.
 21509 | Shoals:2 | Found a runed translucent gate.
 22299 | Shoals:3 | Found Pearo's Overcharged Wands.
 22314 | Shoals:3 | Identified the ring of Beogh's Pride {Ice Str-4 Int+5
                  | Stlth+}
 22411 | Shoals:3 | Reached XP level 17. HP: 147/147 MP: 24/24
 22758 | Shoals:3 | Found Rakhos's Antique Armour Emporium.
 22908 | Shoals:3 | Identified the +4 chain mail of Youthful Indiscretion
                  | {Int+3}
 23073 | Shoals:4 | Entered Level 4 of the Shoals
 23187 | Spider:1 | Entered Level 1 of the Spider Nest
 23938 | Spider:2 | Noticed Donald
 24551 | Spider:2 | Killed Donald
 24921 | Spider:2 | Noticed Roxanne
 25960 | Spider:4 | Entered Level 4 of the Spider Nest
 26343 | Spider:4 | Acquired a manual of Stealth
 26430 | Spider:4 | Reached skill level 15 in Dodging
 26822 | Spider:4 | Reached XP level 18. HP: 157/157 MP: 25/25
 28088 | Spider:4 | Got a gossamer rune of Zot
 28299 | Shoals:4 | Found Zyfaeff's General Store.
 28465 | Shoals:4 | Found the +8 frozen axe "Frostbite" {freeze, freezing
                  | cloud, *Noise Fly rC+}
 28928 | Shoals:4 | Got a barnacled rune of Zot
 29356 | Shoals:4 | Noticed Ilsuiw
 29367 | Shoals:4 | Killed Ilsuiw
 29766 | Shoals:4 | Identified the +1 rapier of Qeteoq {chaos, rF+ rC- Will++
                  | SInv}
 29776 | Shoals:4 | Found the +10 dark maul {heavy}
 30112 | Elf:1    | Entered Level 1 of the Elven Halls
 30562 | Elf:1    | Got the Codex of Combat Magic
 30817 | Elf:1    | Reached XP level 19. HP: 157/166 MP: 26/26
 31733 | Elf:2    | Paralysed by an air elemental for 1 turns
 31836 | Elf:2    | Found a huge runed translucent gate.
 31836 | Elf:2    | Found a huge runed translucent gate.
 31836 | Elf:2    | Found a huge runed translucent gate.
 31839 | Elf:2    | Found a huge runed translucent gate.
 31839 | Elf:2    | Found a huge runed translucent gate.
 32087 | Elf:2    | Reached skill level 10 in Invocations
 32570 | Elf:3    | Entered Level 3 of the Elven Halls
 34067 | Vaults:1 | Entered Level 1 of the Vaults
 34235 | Vaults:1 | Reached XP level 20. HP: 174/176 MP: 23/27
 34855 | Vaults:1 | Reached skill level 10 in Stealth
 34855 | Vaults:1 | Reached XP level 21. HP: 177/185 MP: 28/28
 35590 | Vaults:2 | Found a magical portal.
 35598 | WizLab   | Entered Wucad Mu's Monastery
 36401 | WizLab   | Found the crystal ball of Wucad Mu {*channel}
 36534 | WizLab   | Reached XP level 22. HP: 194/194 MP: 29/29
 36670 | Vaults:2 | Found Ruofy's Antique Weapon Emporium.
 36768 | Vaults:2 | Found a staircase to the Crypt.
 36960 | Vaults:2 | Found a huge runed gate.
 36960 | Vaults:2 | Found a huge runed gate.
 36960 | Vaults:2 | Found a huge runed gate.
 36960 | Vaults:2 | You fall into a shaft and drop 2 floors!
 37215 | Vaults:3 | Found Onexylol's Magic Scroll Shoppe.
 37222 | Vaults:3 | Bought a scroll of fear for 64 gold pieces
 37222 | Vaults:3 | Bought a scroll of teleportation for 48 gold pieces
 37222 | Vaults:3 | Bought a scroll of butterflies for 64 gold pieces
 37562 | Vaults:3 | Noticed a dread lich
 37587 | Vaults:3 | Killed a dread lich
 37826 | Vaults:3 | Reached skill level 15 in Armour
 38029 | Vaults:2 | Reached XP level 23. HP: 202/202 MP: 30/30
 38469 | Vaults:2 | Noticed Zenata
 38480 | Vaults:2 | Killed Zenata
 38612 | Vaults:2 | Found a huge runed gate.
 38641 | Vaults:2 | Found a huge runed gate.
 38642 | Vaults:2 | Found a huge runed gate.
 38643 | Vaults:2 | Found a huge runed gate.
 38643 | Vaults:2 | Found a huge runed gate.
 38643 | Vaults:2 | Found a huge runed gate.
 38643 | Vaults:2 | Found a huge runed gate.
 38652 | Vaults:2 | Found a huge runed gate.
 38652 | Vaults:2 | Found a huge runed gate.
 38652 | Vaults:2 | Found a huge runed gate.
 38652 | Vaults:2 | Found a huge runed gate.
 38652 | Vaults:2 | Found a huge runed gate.
 38652 | Vaults:2 | Found a huge runed gate.
 38652 | Vaults:2 | Found a huge runed gate.
 38653 | Vaults:2 | Found a huge runed gate.
 38654 | Vaults:2 | Found a huge runed gate.
 38663 | Vaults:2 | Found a huge runed gate.
 38663 | Vaults:2 | Found a huge runed gate.
 38663 | Vaults:2 | Found a huge runed gate.
 38663 | Vaults:2 | Found a huge runed gate.
 38663 | Vaults:2 | Found a huge runed gate.
 38663 | Vaults:2 | Found a huge runed gate.
 38663 | Vaults:2 | Found a huge runed gate.
 38664 | Vaults:2 | Found a huge runed gate.
 38665 | Vaults:2 | Found a huge runed gate.
 38674 | Vaults:2 | Found a huge runed gate.
 38674 | Vaults:2 | Found a huge runed gate.
 38674 | Vaults:2 | Found a huge runed gate.
 38674 | Vaults:2 | Found a huge runed gate.
 38674 | Vaults:2 | Found a huge runed gate.
 38674 | Vaults:2 | Found a huge runed gate.
 38674 | Vaults:2 | Found a huge runed gate.
 38675 | Vaults:2 | Found a huge runed gate.
 39163 | Vaults:2 | Identified the +5 quarterstaff "Moper" {flame, Fly SInv}
 39176 | Vaults:2 | Identified the +8 dagger of the Sun {drain, rElec}
 39539 | Vaults:4 | Found Wegi's Antique Armour Boutique.
 39548 | Vaults:4 | Bought a shiny helmet for 337 gold pieces
 39957 | Vaults:4 | Noticed Bai Suzhen
 39975 | Vaults:4 | Killed Bai Suzhen
 41021 | D:15     | Found a staircase to the Depths.
 42253 | Depths:1 | Entered Level 1 of the Depths
 42443 | Depths:1 | Found a one-way gate to the infinite horrors of the Abyss.
 42443 | Depths:1 | Noticed Zyku Vof's ghost (veteran MfIE)
 42444 | Depths:1 | Found a transporter.
 42448 | Depths:1 | Found a transporter.
 42493 | Depths:1 | Reached XP level 24. HP: 192/216 MP: 26/30
 42606 | Depths:1 | Found a gateway to Hell.
 43681 | Depths:2 | Found a radiant altar of Vehumet.
 44018 | Depths:2 | Found a one-way gate leading to the halls of Pandemonium.
 44471 | Depths:2 | Identified the +11 long sword "Xineghio" {freeze, rPois rC-
                  | Str+3}
 44471 | Depths:2 | Identified the ring of Dumow {Str+4 SInv}
 44542 | Depths:3 | Identified the ring "Ajawaxoc" {Ice rElec rN+++ Will- Str-2
                  | Int+2}
 44542 | Depths:3 | Noticed Josephina
 45322 | Elf:3    | Noticed Nikola
 45329 | Elf:3    | Killed Nikola
 45337 | Elf:3    | Identified the +5 trident of Vaheig {heavy, rN+ Str-5
                  | Int+5}
 45549 | Elf:3    | Identified the +0 leather armour of Dulaumax {Str+3}
 45549 | Elf:3    | Identified the ring "Orchek" {rF+ rN+ Will+ Str+2}
 46191 | Elf:3    | Identified the +10 shortbow of Hate {flame, +Blink}
 46195 | Elf:3    | Got the Parchment of Kindling
 46226 | Elf:3    | Got Wamoeseyp's Volume of the Lithosphere
 46236 | Elf:3    | Got Kosol's Cyclopedia of the Crater and Thunder
 46571 | Depths:3 | Found Ruver's Magic Scroll Emporium.
 46617 | Depths:3 | Noticed Mennas
 46628 | Depths:3 | Killed Mennas
 46946 | Depths:3 | Found a corrupted altar of Lugonu.
 47151 | Depths:3 | Identified the +3 plate armour "Gouril" {rC- Str+5}
 47254 | Depths:3 | Reached XP level 25. HP: 228/228 MP: 30/30
 47951 | Depths:3 | Identified the +9 rapier of the Wary Spines {freeze, Str+2
                  | Stlth+}
 48215 | Depths:3 | Noticed a juggernaut
 48216 | Depths:3 | Noticed a juggernaut
 48234 | Depths:3 | Killed a juggernaut
 48240 | Depths:3 | Killed a juggernaut
 48553 | Depths:3 | Got Ryloil's Encyclopedia of Execration
 48654 | Depths:4 | Entered Level 4 of the Depths
 48713 | Depths:4 | Noticed Louise
 48723 | Depths:4 | Killed Louise
 49497 | Depths:4 | Found a one-way gateway to a ziggurat.
 49603 | Depths:4 | Noticed the Enchantress
 49618 | Depths:4 | Killed the Enchantress
 49949 | Depths:4 | Found a gate to the Realm of Zot.
 50091 | Depths:2 | Killed Josephina
 50446 | Vaults:3 | Bought a scroll of enchant armour for 120 gold pieces
 50446 | Vaults:3 | Bought a scroll of enchant armour for 120 gold pieces
 50446 | Vaults:3 | Bought a scroll of enchant armour for 120 gold pieces
 50446 | Vaults:3 | Bought a scroll of enchant armour for 120 gold pieces
 50671 | Orc:2    | Bought a potion of heal wounds for 70 gold pieces
 50671 | Orc:2    | Bought a potion of curing for 42 gold pieces
 50671 | Orc:2    | Bought a potion of invisibility for 112 gold pieces
 51028 | Crypt:1  | Entered Level 1 of the Crypt
 51128 | Crypt:1  | Reached skill level 27 in Fighting
 51292 | Crypt:1  | Found a runed translucent gate.
 51293 | Crypt:1  | Found a runed translucent gate.
 51294 | Crypt:1  | Found a runed translucent gate.
 51295 | Crypt:1  | Noticed Gouluvih's ghost (adept FeSh)
 51330 | Crypt:1  | Reached XP level 26. HP: 223/242 MP: 30/30
 51338 | Crypt:1  | Reached skill level 1 in Evocations
 52602 | Crypt:1  | Killed Gouluvih's ghost
 53489 | Crypt:3  | Entered Level 3 of the Crypt
 54713 | Vaults:5 | Entered Level 5 of the Vaults
 54872 | Vaults:5 | Identified the +6 longbow "Ogrebane" {heavy, rPois rN++
                  | rCorr Str-4}
 55034 | Vaults:5 | Noticed a dread lich
 55045 | Vaults:5 | Killed a dread lich
 55106 | Vaults:5 | Noticed Margery
 55119 | Vaults:5 | Killed Margery
 55137 | Vaults:5 | Noticed a dread lich
 55140 | Vaults:5 | Killed a dread lich
 55402 | Vaults:5 | Identified the +8 spear of Anxiety {flame, rF+ rC+ Dex+3}
 55471 | Vaults:5 | Reached XP level 27. HP: 249/249 MP: 31/31
 55823 | Vaults:5 | Got a silver rune of Zot
 56070 | Vaults:5 | Identified the +0 leather armour of the Giraffatuar {SInv}
 56492 | Zot:1    | Entered Level 1 of the Realm of Zot
 57843 | Zot:2    | Identified the ring of Secrets {Ice MP+9}
 60030 | Zot:4    | Noticed an orb of fire
 60034 | Zot:4    | Gained mutation: You are strong-willed. (Will+) [an orb of
                  | fire]
 60035 | Zot:4    | Gained mutation: You occasionally lose the ability to drink
                  | potions when taking damage. [an orb of fire]
 60038 | Zot:4    | Killed an orb of fire
 60822 | Zot:5    | Entered Level 5 of the Realm of Zot
 60917 | Zot:5    | Noticed a dread lich
 60927 | Zot:5    | Killed a dread lich
 60928 | Zot:5    | Noticed a dread lich
 60931 | Zot:5    | Reached skill level 27 in Ranged Weapons
 60945 | Zot:5    | Killed a dread lich
 60969 | Zot:5    | Noticed an orb of fire
 60977 | Zot:5    | Gained mutation: You have sharp toenails. [an orb of fire]
 60980 | Zot:5    | Gained mutation: You are frail. (-10% HP) [an orb of fire]
 60981 | Zot:5    | Gained mutation: You are vulnerable to heat. (rF-) [an orb
                  | of fire]
 60982 | Zot:5    | Killed an orb of fire
 60983 | Zot:5    | Reached skill level 5 in Evocations
 60983 | Zot:5    | Lost mutation: You occasionally lose the ability to drink
                  | potions when taking damage. [potion of mutation]
 60983 | Zot:5    | Lost mutation: You are frail. (-10% HP) [potion of
                  | mutation]
 60983 | Zot:5    | Gained mutation: Your system is resistant to poisons.
                  | (rPois) [potion of mutation]
 60983 | Zot:5    | Gained mutation: Your skin changes colour to match your
                  | surroundings (Stealth+). [potion of mutation]
 60984 | Zot:5    | Lost mutation: You are strong-willed. (Will+) [potion of
                  | mutation]
 60984 | Zot:5    | Lost mutation: Your system is resistant to poisons. (rPois)
                  | [potion of mutation]
 60984 | Zot:5    | Lost mutation: Your skin changes colour to match your
                  | surroundings (Stealth+). [potion of mutation]
 60984 | Zot:5    | Gained mutation: Your mind is acute. (Int +4, Str/Dex -1)
                  | [potion of mutation]
 60985 | Zot:5    | Lost mutation: You have sharp toenails. [potion of
                  | mutation]
 60985 | Zot:5    | Lost mutation: Your mind is acute. (Int +4, Str/Dex -1)
                  | [potion of mutation]
 60985 | Zot:5    | Gained mutation: You are agile. (Dex +4, Str/Int -1)
                  | [potion of mutation]
 60985 | Zot:5    | Gained mutation: You are frail. (-10% HP) [potion of
                  | mutation]
 60985 | Zot:5    | Gained mutation: You are partially covered in iridescent
                  | scales. (AC +2) [potion of mutation]
 60985 | Zot:5    | Gained mutation: Your muscles are strong. (Str +4, Int/Dex
                  | -1) [potion of mutation]
 60986 | Zot:5    | Lost mutation: You are frail. (-10% HP) [potion of
                  | mutation]
 60986 | Zot:5    | Lost mutation: You are vulnerable to heat. (rF-) [potion of
                  | mutation]
 60986 | Zot:5    | Lost mutation: You are agile. (Dex +4, Str/Int -1) [potion
                  | of mutation]
 60986 | Zot:5    | Gained mutation: You are robust. (+10% HP) [potion of
                  | mutation]
 60986 | Zot:5    | Gained mutation: You have a pair of small horns on your
                  | head. [potion of mutation]
 61008 | Zot:5    | Noticed an orb of fire
 61015 | Zot:5    | Killed an orb of fire
 61219 | Zot:5    | Noticed an orb of fire
 61225 | Zot:5    | Killed an orb of fire
 61237 | Zot:5    | Noticed an orb of fire
 61238 | Zot:5    | Noticed an orb of fire
 61240 | Zot:5    | Gained mutation: You have a somewhat thin skeletal
                  | structure. (Dex +2, Stealth+) [an orb of fire]
 61241 | Zot:5    | Killed an orb of fire
 61242 | Zot:5    | Gained mutation: You are dopey. (Int -2) [an orb of fire]
 61244 | Zot:5    | Gained mutation: You are clumsy. (Dex -2) [an orb of fire]
 61245 | Zot:5    | Gained mutation: You occasionally lose the ability to read
                  | scrolls when taking damage. [an orb of fire]
 61246 | Zot:5    | Killed an orb of fire
 61305 | Zot:5    | Noticed an ancient lich
 61311 | Zot:5    | Killed an ancient lich
 61333 | Zot:5    | Noticed a dread lich
 61339 | Zot:5    | Killed a dread lich
 61398 | Zot:5    | Noticed an orb of fire
 61400 | Zot:5    | Lost mutation: You are robust. (+10% HP) [an orb of fire]
 61404 | Zot:5    | Killed an orb of fire
 61907 | Zot:5    | Lost mutation: You occasionally lose the ability to read
                  | scrolls when taking damage. [potion of mutation]
 61907 | Zot:5    | Lost mutation: Your muscles are strong. (Str +4, Int/Dex
                  | -1) [potion of mutation]
 61907 | Zot:5    | Gained mutation: You are occasionally teleported next to
                  | monsters. [potion of mutation]
 61908 | Zot:5    | Got the Orb of Zot
 62066 | Zot:1    | Noticed a seraph
 62069 | Zot:1    | Killed a seraph
 62544 | D:$      | Escaped with the Orb!

Illustrated notes

Levels and vault maps discovered:
D:1:      dpeg_arrival_orchard, layout_rooms, ebering_ecumenical_altar_rust
D:2:      wad_woods_stonehenge, layout_basic
D:3:      layout_basic, gup_sewer_entry_glass, uniq_robin
D:4:      layout_basic, ebering_ghost_sewer_d, uniq_natasha
D:5:      layout_basic, serial_shops, shop, uniq_sigmund, uniq_blork_the_orc
D:6:      layout_basic, serial_shops, nicolae_shop_scrapyard,
          kennysheep_generic_room_7, uniq_grinder, uniq_duvessa
D:7:      minmay_cornered_nines, layout_rooms, nicolae_ru_path_of_blood,
          minmay_temple_entry_enclosed_plants, serial_bayou_pond_a,
          kennysheep_nondescript, dreamdust_gnoll_farm, uniq_menkaure
D:8:      layout_basic, overflow_temple_1_default, uniq_prince_ribbit1
D:9:      minmay_inner_zag, layout_cave_pools, nrook_campfire
D:10:     layout_irregular_city, erik_lair_island, orc_0_dummy
D:11:     layout_roguey, zin_academy
D:12:     layout_cave_pools, kennysheep_potato
D:13:     layout_cave_pools, hellmonk_vaults_order_and_chaos, uniq_azrael
D:14:     layout_layer_cave, kennysheep_boxes
D:15:     hellmonk_depths_entry_around_the_bend, layout_basic,
          hangedman_decor_riveting
Temple:   mainiacjoe_temple_cubbyholes
Lair:1:   layout_roguey, uniq_harold, uniq_fannar, uniq_grum, uniq_sonja
Lair:2:   layout_roguey, worms_lemuel, grunt_megastairs_2,
          infiniplex_staircase_pool, serial_bayou_shore_b, uniq_nergalle,
          uniq_erica
Lair:3:   layout_roguey, nicolae_shoals_entry_flooding,
          spider_nest_entry_rubble, hellmonk_ghost_happy_afterlife,
          dreamdust_gnoll_shepherd, uniq_rupert
Lair:4:   layout_long_grid, basic_altar, lookout_lair_type, grunt_megastairs_3
Lair:5:   evilmike_catoblepas_cave, layout_regular_city, slime_entry_1,
          grunt_megastairs_4
Shoals:1: layout_shoals, uniq_aizul
Shoals:2: nicolae_shoals_aurelia_aurita, layout_shoals,
          nicolae_shoals_beach_cooler
Shoals:3: layout_shoals, serial_shops, shop, nicolae_shop_overcharged_wands
Shoals:4: shoals_end_simple, layout_shoals, shoal_ilsuiw, serial_shops, shop
Spider:1: layout_spider_delve
Spider:2: layout_spider_delve, uniq_roxanne, uniq_donald
Spider:3: layout_cave_pods, nicolae_spider_wall_of_niches
Spider:4: spider_rune_water
Orc:1:    nicolae_orc_accident_2, layout_diamond_mine, gammafunk_ghost_split
Orc:2:    st_orc_town, layout_caves
Elf:1:    minmay_elf_arrival_summoners, layout_geoelf_grid,
          minmay_elf_annihilation, billiards_dpeg
Elf:2:    elven_hall_of_blades_hangedman_alternative
          [nicolae_blade_entry_area_security], layout_geoelf_octagon
Elf:3:    minmay_elf_hall_not_hex, layout_loops_corners,
          nicolae_elf_big_sculpture_2, uniq_nikola
Vaults:1: v_misc_15, v_misc_26, nicolae_vaults_display_case,
          nicolae_vaults_what_the_h, v_alt_pattern_1,
          nicolae_vaults_big_angled_halls, hangedman_vaults_snaps,
          nicolae_vaults_trapezoid_3, nicolae_vaults_house_3, v_misc_2,
          vaults_standard_mumra_x, v_misc_23, nicolae_vaults_little_squares_3,
          layout_vaults_ring
Vaults:2: mu_enter_wizlab_3, not_door_vault_due, blue_anna_dwarven_crypt,
          v_misc_5, nicolae_vaults_house_1, nicolae_vaults_alarming,
          hangedman_vaults_river_flow, dpeg_vaults_monster_row,
          nicolae_vaults_surprise_closet, vaults_dpeg_encased_lava,
          layout_vaults_quadrants, serial_shops, shop, uniq_zenata
Vaults:3: vaults_dpeg_emergency_exit, ontoclasm_vaults_ring_small,
          v_alt_pattern_2, vaults_dpeg_hooks, v_misc_3,
          nicolae_vaults_storage_room_glass, nicolae_vaults_whirlpool_walls,
          ontoclasm_vaults_shuriken, v_pattern_4,
          nicolae_vaults_closet_pinwheel_2, vaults_room_corners, v_misc_10,
          nicolae_vaults_trapezoid_lopsided_1, v_misc_17,
          layout_vaults_maze_bifur, serial_shops, shop
Vaults:4: hangedman_vaults_variations, nicolae_vaults_shrinking_rooms_2,
          nicolae_vaults_tangram_1, nicolae_vaults_doubleplus_tesselated,
          nicolae_vaults_wrenched, v_misc_10, nicolae_vaults_storage_closets_2,
          nicolae_vaults_asterisk, hangedman_vaults_stretched_pinwheel,
          layout_vaults_chaotic_city, serial_shops,
          nicolae_shop_tiny_waterfront, uniq_bai_suzhen
Vaults:5: uniq_margery
Crypt:1:  layout_regular_city, gammafunk_ghost_spectres
Crypt:2:  layout_gridlike, lemuel_elevator, grunt_megastairs_5
Crypt:3:  quadcrypt_mu, uniq_frederick
Depths:1: layout_long_grid, hangedman_glass_teeth, hell_entry,
          gammafunk_ghost_abyssal_escape, kennysheep_dice, serial_bayou_shore_a
Depths:2: minmay_concentric_multi, layout_gridville, abyss_entry_crystal,
          hangedman_tar_grid_catacomb, vehumet_crystals, grunt_pan_entry_spiral,
          minmay_misc_feat_four_crosses, infiniplex_staircase_zigzag_3,
          serial_bayou_shore_b
Depths:3: little_maze_vault, layout_honeycomb, roderic_lattice_a, serial_shops,
          nicolae_take_the_stairs, abyss_entry_flame_altar, grunt_metal_band,
          infiniplex_staircase_pool_2, uniq_josephina, uniq_mennas
Depths:4: grunt_zot_entry_gee_three, layout_gridlike, enter_ziggurat_f,
          grunt_hell_entry_dis_mu, serial_bayou, serial_bayou_pond_b,
          serial_bayou_lagoon_a, serial_bayou_shore_b, serial_bayou_pond_c,
          nicolae_abyss_entry_one_way_or_another, uniq_enchantress
Zot:1:    layout_onion
Zot:2:    lemuel_draconian_sentries_small, layout_gridlike
Zot:3:    kennysheep_spiral_hall, layout_gridlike
Zot:4:    infiniplex_zot_generator, layout_onion
Zot:5:    layout_misc_corridors, st_stairs_4, hangedman_zot_decor_tridents

Skill      XL: |  1  2  3  4  5  6  7  8  9 10 11 12 13 14 15 16 17 18 19 20 21 22 23 24 25 26 27 |
---------------+----------------------------------------------------------------------------------+-----
Summonings     | 5 6 7 8 |  8.0
Hexes          | 2 |  2.0
Fighting       | 2 3 5 6 8 10 11 12 13 14 15 17 18 19 20 21 23 25 27 | 27.0
Armour         | 2 6 7 9 11 12 15 16 17 19 | 19.0
Short Blades   | 1 4 7 8 |  8.0
Spellcasting   | 3 4 5 |  5.0
Shields        | 1 4 |  4.0
Dodging        | 4 7 8 9 11 12 13 15 16 17 18 20 22 24 25 26 | 26.0
Ranged Weapons | 4 8 10 11 13 15 16 17 18 20 22 27 | 27.0
Stealth        | 3 5 6 7 10 11 12 14 | 14.0
Air Magic      | 2 3 |  3.0
Translocations | 1 |  1.0
Invocations    | 5 6 7 8 9 10 11 12 | 12.9
Evocations     | 4 9 |  9.4

Action                     |  1- 3 |  4- 6 |  7- 9 | 10-12 | 13-15 | 16-18 | 19-21 | 22-24 | 25-27 || total
---------------------------+-------+-------+-------+-------+-------+-------+-------+-------+-------++-------
  Melee: Unarmed           |     9 |       |       |       |       |       |       |       |     4 ||    13
         Dagger            |    62 |    39 |       |       |       |       |       |       |       ||   101
         Punch             |     1 |     1 |     4 |       |       |       |       |       |       ||     6
         Short sword       |       |    92 |   199 |   388 |       |       |       |       |       ||   679
         Spear             |       |       |       |     3 |       |       |       |       |       ||     3
   Fire: Orcbow            |       |       |       |   143 |   958 |  1470 |   630 |       |       ||  3201
         Arbalest          |       |       |       |       |       |       |   449 |  1274 |   995 ||  2718
         Longbow           |       |       |       |       |       |       |       |       |  1050 ||  1050
  Throw: Dart              |       |       |       |     4 |       |       |       |       |       ||     4
   Cast: Summon Small Mamm |    29 |     5 |       |       |       |       |       |       |       ||    34
         Call Canine Famil |     3 |    16 |    24 |    38 |    10 |     7 |     1 |       |       ||    99
         Summon Guardian G |       |       |    11 |    28 |     9 |    10 |    11 |     2 |       ||    71
         Summon Lightning  |       |       |       |     1 |    36 |    37 |    20 |    18 |     6 ||   118
 Invoke: Slouch            |       |       |       |       |     1 |     8 |     1 |     5 |    15 ||    30
         Step From Time    |       |       |       |       |       |     1 |     1 |       |       ||     2
Ability: Hop               |     1 |     2 |     1 |     3 |     5 |     6 |    10 |     7 |    11 ||    46
         Evoke Blink       |       |       |       |       |       |     1 |       |       |       ||     1
  Evoke: Wand              |       |       |     2 |     3 |     1 |     8 |       |     4 |     4 ||    22
         Lightning rod     |       |       |       |       |       |     4 |     1 |     2 |     3 ||    10
         Phial of floods   |       |       |       |       |       |       |       |     1 |       ||     1
    Use: Scroll            |       |     5 |       |     8 |     5 |    13 |    10 |     6 |    11 ||    58
         Potion            |       |       |       |       |       |       |     9 |     1 |     8 ||    18
   Stab: Sleeping          |     3 |     5 |       |       |       |       |       |       |       ||     8
         Invisible         |       |     1 |     3 |    17 |       |       |       |       |     1 ||    22
         Paralysed         |       |       |     1 |       |       |       |       |       |       ||     1
         Distracted        |       |       |     2 |     2 |       |       |       |       |       ||     4
 Armour: Robe              |    14 |    26 |       |       |       |       |       |       |       ||    40
         Ring mail         |       |     4 |    39 |    71 |    62 |   113 |   144 |    56 |    27 ||   516
         Acid dragon scale |       |       |       |       |       |       |       |       |   123 ||   123
  Dodge: Dodged            |    51 |    80 |    90 |   292 |   538 |  1037 |  1220 |   940 |  1877 ||  6125
  Block: Other             |       |    28 |    13 |    15 |   113 |   189 |   190 |    78 |       ||   626
         Reflection        |       |       |     6 |     9 |    10 |    21 |    16 |    19 |       ||    81
         Buckler           |       |       |    51 |   180 |       |       |       |       |       ||   231

Table legend: (Time is in decaauts)
 A = Elapsed time spent in this place.
 B = Non-inter-level travel time spent in this place.
 C = Inter-level travel time spent in this place.
 D = Time resting spent in this place.
 E = Time spent auto-exploring this place.
 F = Levels seen in this place.
 G = Mean time per level.
                   A        B        C        D        E       F      G
               +--------+--------+--------+--------+--------+-----+--------+
         Total | 110118 |  90863 |  19255 |   3438 |  70710 |  53 | 2077.7 |
       Dungeon |  23138 |  17761 |   5377 |    509 |  14077 |  15 | 1542.5 |
        Temple |      1 |      1 |      0 |      0 |      0 |   1 |    1.0 |
          Lair |  11357 |   9381 |   1976 |    123 |   7945 |   5 | 2271.4 |
        Shoals |   9057 |   7512 |   1545 |    168 |   6036 |   4 | 2264.2 |
   Spider Nest |   8050 |   7655 |    395 |    706 |   6031 |   4 | 2012.5 |
  Orcish Mines |   3712 |   2888 |    824 |      0 |   2388 |   2 | 1856.0 |
   Elven Halls |   9279 |   7439 |   1840 |   1046 |   5156 |   3 | 3093.0 |
        Vaults |  16706 |  12886 |   3820 |     78 |   9530 |   5 | 3341.2 |
         Crypt |   4357 |   3830 |    527 |    241 |   2968 |   3 | 1452.3 |
        Depths |  12836 |  10929 |   1907 |    153 |   8775 |   4 | 3209.0 |
           Zot |   9781 |   8740 |   1041 |     74 |   7115 |   5 | 1956.2 |
         Sewer |    365 |    365 |      0 |     15 |    247 |   1 |  365.0 |
        Wizlab |   1472 |   1472 |      0 |    324 |    437 |   1 | 1472.0 |
               +--------+--------+--------+--------+--------+-----+--------+

Top non-repeatable levels by time:
   Elf:3: 4380 daAuts
Depths:3: 4161 daAuts
Vaults:2: 4007 daAuts
Vaults:1: 3649 daAuts
Depths:4: 3348 daAuts
Spider:4: 3262 daAuts
Vaults:4: 3230 daAuts
    D:15: 3084 daAuts
Depths:2: 2999 daAuts
Vaults:5: 2974 daAuts
Vaults:3: 2845 daAuts
Shoals:4: 2658 daAuts
 Crypt:1: 2627 daAuts
  Lair:5: 2605 daAuts
  Lair:3: 2603 daAuts
